 Dungeon Crawl Stone Soup version 0.30-a0-1161-g0704695555 (webtiles) character file.

Game seed: 7770770740110917344

97 ytrimaz the Ducker (level 4, 0/31 HPs)
             Began as an Octopode Fighter on Apr 27, 2023.
             Succumbed to a kobold brigand's curare-tipped dart
             ... on level 3 of the Dungeon.
             The game lasted 00:03:15 (2056 turns).

ytrimaz the Ducker (Octopode Fighter)               Turns: 2056, Time: 00:03:16

Health: 0/31       AC:  1    Str: 15    XL:     4   Next: 68%
Magic:  4/4        EV: 13    Int: 10    God:
Gold:   83         SH:  5    Dex: 13    Spells: 3/3 levels left

rFire   . . .        a - +0 long sword (spect)
rCold   . . .        b - +0 buckler
rNeg    . . .        (helmet restricted)
rPois   .            (no amulet)
rElec   .            (no ring)
rCorr   .            (no ring)
SInv    .            (no ring)
Will    .....        (no ring)
Stlth   ++           (no ring)
HPRegen 0.25/turn    (no ring)
MPRegen 0.09/turn    (no ring)
                     (no ring)

%: no passive effects
@: lethally poisoned (0 -> -10), attractive, slowed, very slow
A: almost no armour, amphibious, 8 rings, camouflage 1, gelatinous body 1,
(nimble swimmer 1), tentacles
a: no special abilities


You were on level 3 of the Dungeon.
You visited 1 branch of the dungeon, and saw 4 of its levels.

You collected 83 gold pieces.


Innate Abilities, Weirdness & Mutations

You cannot wear most types of armour.
You are amphibious.
You can wear up to eight rings at the same time.
Your skin changes colour to match your surroundings (Stealth+).
Your rubbery body absorbs attacks. (AC +1, EV +1)
((You are camouflaged when in or above water. (Stealth+)))
You have tentacles for arms and can constrict up to eight enemies at once.


   Skills:
 - Level 3.0 Fighting
 + Level 3.2 Long Blades
 + Level 3.9 Dodging
 + Level 3.8 Shields


You had 3 spell levels left.
You didn't know any spells.
Your spell library was empty.

Inventory:

Hand Weapons
 a - a +0 spectral long sword (weapon)
Armour
 b - a +0 buckler (worn)
Jewellery
 j - a ring of fire
   (You found it on level 2 of the Dungeon)
Wands
 l - a wand of flame (17)
   (You found it on level 2 of the Dungeon)
Scrolls
 d - 2 scrolls of teleportation
 f - 2 scrolls of amnesia
Potions
 c - a potion of might
 g - a potion of flight {unknown}
 h - 3 potions of lignification
 i - a potion of mutation {unknown}
 k - a potion of degeneration {unknown}
 n - a potion of brilliance {unknown}

Dungeon Overview and Level Annotations

Branches:
Dungeon (4/15) Zot: 21919
 Temple: D:4-7

Altars:
Sif Muna

Shops:
D:1

= #......# #...... #.####.#
#..##.. #.# #.# #<.##.. #.#
##.## #..##.. #.###...##
#...... #.##.....##### ##.##.#
#.##....##...## #.##..
#.............#########.####
####.####..@.....(.ยงยง...####
#.# #.....#....ยงยง.....(. #.#
##...##.############
#.##########.# #............#
##############


There were no monsters in sight!


Message History

Jessica the Apprentice Sorceress comes into view.
She is wielding a +0 dagger.
Found an escape hatch in the floor.
Jessica shouts!
You enter the deep water.
Jessica looks very angry.
Jessica casts a spell at you.
You barely resist. Jessica misses you.
You hit Jessica. Your grab misses Jessica.
Your +0 spectral long sword closely misses Jessica.
Jessica drinks a potion.
Jessica suddenly seems more resistant.
Jessica casts a spell at you. You resist with some effort.
You closely miss Jessica. You grab Jessica. You squeeze Jessica.
Your +0 spectral long sword hits Jessica.
You constrict Jessica.
You kill Jessica!
Your Long Blades skill increases to level 3!
Your +0 spectral long sword disappears.
Found a shimmering blue altar of Sif Muna.
You enter the deep water.
There is an escape hatch in the floor here.
Things that are here:
a +0 dagger; a +0 robe You enter the deep water.
You see here a +0 helmet.
Key pressed, stopping explore.
Key pressed, stopping explore.
Found a stone staircase leading down.
As you read the scroll labelled YLOAHAS GAPOO, it crumbles to dust.
The scroll dissolves into smoke.
It was a scroll of fog.
Unknown command.
As you read the scroll labelled WAYNITO OXYWUE, it crumbles to dust.
Magic quickly surges around you.
It was a scroll of vulnerability.
Unknown command.
m - a scroll of identify An adder comes into view.
An adder is nearby!
Unknown command.
An adder is nearby!
An adder is nearby!
There is a stone staircase leading down here.
The adder hisses angrily.
The adder closely misses you. The adder misses you.
You slash the adder! Your grab misses the adder.
Your tentacle-slap misses the adder.
Your squeeze misses the adder.
Your +0 spectral long sword closely misses the adder.
The adder misses you. The adder bites you. ๐Ÿ˜• HP[-2]
You take 2 damage, and now have 29/31 hp.
You closely miss the adder. You grab the adder. You squeeze the adder.
You kill the adder!
Your +0 spectral long sword disappears.
You now have 83 gold pieces (gained 12).
You feel your willpower return.
Done exploring. ๐Ÿ˜Ž HP[+2]
Your hp is fully restored (31).
Done exploring.
Done exploring.
As you read the scroll of identify, it crumbles to dust.
h - 3 potions of lignification
There is a stone staircase leading down here.
You climb downwards.
Found a stone staircase leading down.
There is a stone staircase leading up here.
A kobold brigand is nearby!
The kobold brigand shouts!
The kobold brigand throws a curare-tipped dart.
The curare-tipped dart hits you.
You are poisoned.
You have difficulty breathing.
You feel yourself slow down. ๐Ÿ˜• HP[-5]
You take 5 damage, and now have 26/31 hp.
You feel very sick.
The kobold brigand throws a curare-tipped dart.
The curare-tipped dart hits you.
You are lethally poisoned!
You have difficulty breathing.
You feel as though you will be slow longer.
There is a stone staircase leading up here. ๐Ÿ˜ฎ HP[-8]
You take 8 damage, and now have 18/31 hp.
MASSIVE DAMAGE!! (PAUSE)
Okay, then.
* * * LOW HITPOINT WARNING * * *
You feel extremely sick.
You climb upwards.
* * * LOW HITPOINT WARNING * * *
You feel extremely sick.
There is a stone staircase leading down here. ๐Ÿ˜ฑ HP[-15]
You take 15 damage, and now have 3/31 hp.
MASSIVE DAMAGE!! (PAUSE) It was a potion of attraction.
You feel attractive to monsters.
You die...

Skill      XL: |  1  2  3  4 |
---------------+-------------+-----
Long Blades    | 3 |  3.2
Fighting       | |  3.0
Dodging        | |  3.9
Shields        | |  3.8

Action                     |  1- 3 |  4- 6 || total
---------------------------+-------+-------++-------
  Melee: Long sword        |    65 |     8 ||    73
         Tentacles         |    12 |     2 ||    14
         Constrict         |    16 |     2 ||    18
    Use: Scroll            |     6 |     3 ||     9
         Potion            |       |     1 ||     1
   Stab: Sleeping          |     4 |     1 ||     5
 Armour: Skin              |     9 |       ||     9
  Dodge: Dodged            |    35 |     5 ||    40
  Block: Buckler           |     5 |     2 ||     7

Levels and vault maps discovered:
D:1:      saegor_arrival_miasma, layout_basic,
          ebering_ecumenical_altar_petrified, serial_shops,
          nicolae_shop_waterfront, minmay_pentomino_w2
D:2:      layout_loops_cross, dk_noncrumbling_3
D:3:      layout_loops_ring, tgw_sif, uniq_jessica
D:4:      layout_basic, minmay_misc_feat_roman, corexii_corridor_pit,
          chequers_serial_rivers_micro_a, minmay_pentomino_pile

Notes
Turn   | Place    | Note
-------+----------+-------------------------------------------
     0 | D:1      | ytrimaz the Octopode Fighter began the quest for the Orb.
     0 | D:1      | Reached XP level 1. HP: 16/16 MP: 1/1
     0 | D:1      | magus.rc [v1.9.6]
   211 | D:1      | Reached XP level 2. HP: 14/21 MP: 2/2
   500 | D:1      | Found Wegeth's Jewellery Boutique.
   648 | D:1      | Found a faded altar of an unknown god.
   771 | D:2      | Reached XP level 3. HP: 9/26 MP: 3/3
   772 | D:2      | HP: 6/26 [poisoned by an adder]
  1700 | D:3      | Reached XP level 4. HP: 30/31 MP: 4/4
  1924 | D:3      | Noticed Jessica
  1932 | D:3      | Killed Jessica
  1933 | D:3      | Reached skill level 3 in Long Blades
  1934 | D:3      | Found a shimmering blue altar of Sif Muna.
  2051 | D:4      | Noticed a kobold brigand
  2055 | D:3      | HP: 3/31 [poisoned by a kobold brigand (curare-tipped
                  | dart)]
  2056 | D:3      | Succumbed to a kobold brigand's curare-tipped dart

Vanquished Creatures
  Jessica (D:3)
  2 adders
  2 dart slugs (D:2)
  An orc (D:3)
  4 ball pythons
  5 endoplasms
  2 giant cockroaches
  3 goblins
  2 hobgoblins
  10 jackals
  A bat (D:3)
  6 frilled lizards
  2 kobolds
  4 rats
45 creatures vanquished.

Vanquished Creatures (others)
  A withered plant (D:1)
1 creature vanquished.

Grand Total: 46 creatures vanquished

Table legend:
 A = Non-vault XP
 B = Vault XP
 C = Vault XP percentage of total XP
 D = Non-vault monster count
 E = Vault monster count
 F = Vault count percentage of total count
                 A         B        C        D         E       F
            +---------+---------+-------+---------+---------+-------
      Total |     100 |      39 |  28.1 |      42 |       3 |   6.7
            +---------+---------+-------+---------+---------+-------
        D:1 |      24 |       2 |   7.7 |      15 |       2 |  11.8
        D:2 |      47 |       0 |   0.0 |      17 |       0 |   0.0
        D:3 |      29 |      37 |  56.1 |      10 |       1 |   9.1
            +---------+---------+-------+---------+---------+-------

Skill      XL: |  1  2  3  4 |
---------------+-------------+-----
Long Blades    | 3 |  3.2
Fighting       | |  3.0
Dodging        | |  3.9
Shields        | |  3.8

Action                     |  1- 3 |  4- 6 || total
---------------------------+-------+-------++-------
  Melee: Long sword        |    65 |     8 ||    73
         Tentacles         |    12 |     2 ||    14
         Constrict         |    16 |     2 ||    18
    Use: Scroll            |     6 |     3 ||     9
         Potion            |       |     1 ||     1
   Stab: Sleeping          |     4 |     1 ||     5
 Armour: Skin              |     9 |       ||     9
  Dodge: Dodged            |    35 |     5 ||    40
  Block: Buckler           |     5 |     2 ||     7

Illustrated notes

Table legend:
 A = Kills in this place as a percentage of kills in the entire game.
 B = Kills by you in this place as a percentage of kills by you in the entire game.
 C = Kills by friends in this place as a percentage of kills by friends in the entire game.
 D = Other kills in this place as a percentage of other kills in the entire game.
 E = Experience gained in this place as a percentage of experience gained in the entire game.
 F = Experience gained in this place divided by the number of levels of this place that you have seen.
                   A       B       C       D       E      F
               +-------+-------+-------+-------+-------+----------------------
         Total | 100.0 | 100.0 |   N/A |   N/A | 100.0 |  34.8
       Dungeon | 100.0 | 100.0 |   N/A |   N/A | 100.0 |  34.8
               +-------+-------+-------+-------+-------+----------------------

Table legend: (Time is in decaauts)
 A = Elapsed time spent in this place.
 B = Non-inter-level travel time spent in this place.
 C = Inter-level travel time spent in this place.
 D = Time resting spent in this place.
 E = Time spent auto-exploring this place.
 F = Levels seen in this place.
 G = Mean time per level.
                   A        B        C        D        E       F      G
               +--------+--------+--------+--------+--------+-----+--------+
         Total |   2081 |   1993 |     88 |      0 |   1654 |   4 |  520.2 |
       Dungeon |   2081 |   1993 |     88 |      0 |   1654 |   4 |  520.2 |
               +--------+--------+--------+--------+--------+-----+--------+

Top non-repeatable levels by time:
     D:2: 812 daAuts
     D:1: 703 daAuts
     D:3: 560 daAuts
     D:4: 4 daAuts
